 Dungeon Sprint DCSS version 0.31-a0-836-g3ceb0a68c4 (webtiles) character file.

Game seed: 8173445338161148200

127 sircluck the Ruffian (level 4, -2/50 HPs)
             Began as a Troll Berserker on Sept 26, 2023.
             Was a Priest of Trog.
             Slain by a fire elemental (13 damage)
             ... summoned by a deep elf pyromancer
             ... in the Dungeon (Sprint III: "The Ten Rune Challenge").
             The game lasted 00:00:52 (198 turns).

sircluck the Ruffian (Troll Berserker)               Turns: 198, Time: 00:00:53

Health: -2/50      AC:  4    Str: 31    XL:     4   Next: 85%
Magic:  3/3        EV: 10    Int:  2    God:    Trog [***...]
Gold:   43         SH:  0    Dex:  8    Spells: 3/3 levels left

rFire   . .          .
                       - Unarmed
rCold   . . .        (no shield)
rNeg    . . .        a - +0 animal skin
rPois   .            (helmet restricted)
rElec   .            (no cloak)
rCorr   .            (gloves unavailable)
SInv    .            (boots unavailable)
Will    .....        (no amulet)
Stlth   +            (no ring)
HPRegen 1.08/turn    (no ring)
MPRegen 0.08/turn

%: no teleportation
@: no status effects
A: large, unfitting armour, claws 3, regeneration 1, shaggy fur 1, tough skin 1,
talons 1, strong 1, MP-powered wands
a: Renounce Religion, Berserk, Trog's Hand


You were in the Dungeon.
You worshipped Trog.
Trog was most pleased with you.
You visited 1 branch You collected 43 gold pieces.

Inventory:

Armour
 a - a +0 animal skin (worn)
Scrolls
 i - a scroll of poison {unknown}
 j - 2 scrolls of identify {unknown}
 l - a scroll of torment {unknown}
Potions
 b - a potion of curing
 c - a potion of heal wounds
 d - a potion of haste
 e - 2 potions of magic
 f - a potion of berserk rage
 h - 5 potions of mutation
 k - a potion of lignification {unknown}
 m - a potion of enlightenment {unknown}


   Skills:
 + Level 5.3 Fighting
 + Level 5.2 Dodging
 + Level 6.3 Unarmed Combat


You had 3 spell levels left.
You didn't know any spells.
Your spell library was empty.

Dungeon Overview and Level Annotations

Branches:
Dungeon (1/1)

Altars:
Elyvilon
Kikubaaqudgha
Sif Muna
Vehumet
Zin
The Shining One


Innate Abilities, Weirdness & Mutations

You are too large for most types of armour.
You have claws for hands.
Your natural rate of healing is unusually fast.
You are covered in fur. (AC +1)
You have tough skin. (AC +1)
You have sharp toenails.
Your muscles are strong. (Str +4, Int/Dex -1)
You expend magic power (3 MP) to strengthen your wands.


Message History

You scratch the deep elf pyromancer but do no damage.
You claw the deep elf pyromancer.
The deep elf pyromancer is heavily wounded.
The deep elf pyromancer gestures at you while chanting.
The sticky flame hits you.
You are covered in liquid flames!
The fire elemental hits you. The fire elemental burns you!
You are too injured to fight recklessly!
You are too injured to fight recklessly!
You are too injured to fight recklessly!
You are too injured to fight recklessly!
You are too injured to fight recklessly!
You are too injured to fight recklessly!
You are too injured to fight recklessly!
You are too injured to fight recklessly!
You are too injured to fight recklessly!
You barely miss the deep elf pyromancer.
The deep elf pyromancer is heavily wounded.
You are covered in liquid flames!
The fire elemental completely misses you.
The deep elf pyromancer completely misses you.
Unknown command.
You are covered in liquid flames!
* * * LOW HITPOINT WARNING * * *
The deep elf pyromancer points at you and mumbles some strange words.
The bolt of fire hits the fire elemental.
The fire elemental completely resists.
The bolt of fire misses you. The fire elemental hits you.
The fire elemental burns you!
* * * LOW HITPOINT WARNING * * *
Blink to where?
Press: ? - help, Q - select action, (/) - cycle Dir - move target
As you read the scroll of blinking, it crumbles to dust.
You are covered in liquid flames!
* * * LOW HITPOINT WARNING * * *
You enter the shallow water.
The flames go out!
The fire elemental hits you.
* * * LOW HITPOINT WARNING * * *
The fire elemental burns you!
You die...

▓▓▓▓▓▓▓▓▓▓▓▓ ▓▓▓
▓<.#..'....♣♣ ♣.#####
▓..#..#.....♣♣ ♣.#__○#
▓#'####....♣.♣ ♣.#!e☼#
▓.....#....~E♣♣♣♣.###E#+###+#
▓.....#...~○♣@..♣.#.E§.......
▓....)#..~~~E♣♣♣♣.'.⌠........
▓####'#..~≈≈~E☼♣☼○#...######+
▓).†.†#.~~≈~~§.E☼.#.⌠.#
▓.....#.~≈~~~.....#...#
▓.....#.~~~.......#'###
▓'#####...........#)).#
▓.................#___#
▓▓▓▓▓▓▓▓▓▓▓▓▓▓▓▓▓▓▓▓▓▓▓


You could see 2 fire elementals.

Vanquished Creatures
  A water elemental (D)
  A human (D)
  A kobold demonologist (D)
  A phantom (D)
  2 endoplasms (D)
  2 rats (D)
8 creatures vanquished.

Vanquished Creatures (others)
  A wizard (D)
1 creature vanquished.

Grand Total: 9 creatures vanquished

Notes
Turn   | Place    | Note
-------+----------+-------------------------------------------
     0 | D        | sircluck the Troll Berserker began the quest for the Orb.
     0 | D        | Reached XP level 1. HP: 22/22 MP: 0/0
    11 | D        | Reached ** piety under Trog
    46 | D        | Reached skill level 4 in Unarmed Combat
    46 | D        | Reached XP level 2. HP: 23/31 MP: 1/1
    83 | D        | Gained mutation: Your muscles are strong. (Str +4, Int/Dex
                  | -1) [potion of mutation]
    83 | D        | Gained mutation: You expend magic power (3 MP) to
                  | strengthen your wands. [potion of mutation]
    83 | D        | Gained mutation: You have sharp toenails. [potion of
                  | mutation]
    97 | D        | Noticed a water elemental
   101 | D        | Killed a water elemental
   101 | D        | Reached *** piety under Trog
   102 | D        | Reached skill level 5 in Unarmed Combat
   102 | D        | Reached XP level 3. HP: 41/41 MP: 2/2
   102 | D        | Reached XP level 4. HP: 49/49 MP: 3/3
   139 | D        | Found a radiant altar of Vehumet.
   139 | D        | Found a shimmering blue altar of Sif Muna.
   139 | D        | Found an ancient bone altar of Kikubaaqudgha.
   139 | D        | Noticed a wizard
   145 | D        | Reached skill level 5 in Fighting
   145 | D        | Reached skill level 5 in Dodging
   145 | D        | Reached skill level 6 in Unarmed Combat
   148 | D        | Killed a wizard
   181 | D        | Found a glowing silver altar of Zin.
   181 | D        | Found a glowing golden altar of the Shining One.
   181 | D        | Found a white marble altar of Elyvilon.
   182 | D        | Noticed a deep elf pyromancer
   185 | D        | Noticed a fire elemental
   185 | D        | Noticed a fire elemental
   198 | D        | Slain by a fire elemental

Illustrated notes

Levels and vault maps discovered:
D:        dungeon_sprint_mu [sprint_mu_entry_forest, sprint_mu_temple_rooms,
          sprint_mu_d1_horrors, sprint_mu_d2_genie, sprint_mu_d3_branching,
          sprint_mu_orc_legion, sprint_mu_elf_gauntlet, sprint_mu_hive_nellie,
          sprint_mu_lair_fedhas, sprint_mu_vaults_butterflies,
          sprint_mu_slime_circle, sprint_mu_swamp_cave, sprint_mu_shoals_kraken,
          sprint_mu_blade_basic, sprint_mu_crypt_chambers,
          sprint_mu_tomb_spiral, sprint_mu_vestibule_basic,
          sprint_mu_gehenna_hellfire, sprint_mu_dis_giant,
          sprint_mu_tartarus_statrot, sprint_mu_cocytus_islands, sprint_mu_zot1]

Skill      XL: |  1  2  3  4 |
---------------+-------------+-----
Fighting       | 3 4 5 |  5.3
Dodging        | 3 4 5 |  5.2
Unarmed Combat | 4 5 6 |  6.3

Action                     |  1- 3 |  4- 6 || total
---------------------------+-------+-------++-------
  Melee: Unarmed           |    26 |    13 ||    39
         Punch             |     2 |       ||     2
         Kick              |     1 |     1 ||     2
 Invoke: Berserk           |     1 |       ||     1
    Use: Potion            |     1 |       ||     1
         Scroll            |       |     1 ||     1
   Stab: Sleeping          |     1 |       ||     1
 Armour: Animal skin       |    12 |    16 ||    28
  Dodge: Dodged            |     8 |     6 ||    14

Table legend: (Time is in decaauts)
 A = Elapsed time spent in this place.
 B = Non-inter-level travel time spent in this place.
 C = Inter-level travel time spent in this place.
 D = Time resting spent in this place.
 E = Time spent auto-exploring this place.
 F = Levels seen in this place.
 G = Mean time per level.
                   A        B        C        D        E       F      G
               +--------+--------+--------+--------+--------+-----+--------+
         Total |    202 |    202 |      0 |     40 |     84 |   1 |  202.0 |
       Dungeon |    202 |    202 |      0 |     40 |     84 |   1 |  202.0 |
               +--------+--------+--------+--------+--------+-----+--------+

Top non-repeatable levels by time:
       D: 202 daAuts
